WCHLSIM.com - West Coast Hockey League
html PUBLIC "-//W3C//DTD XHTML 1.0 Transitional//EN" "http://www.w3.org/TR/xhtml1/DTD/xhtml1-transitional.dtd"> WCHL - Game 774 - NORTH DAKOTA HAWKS vs COLORADO GLACIERCATS

NORTH DAKOTA HAWKS vs COLORADO GLACIERCATS

Created - 6 février 2020 at 17:44

Goals
1 2 3 T
NORTH DAKOTA HAWKS 1 0 0 1
COLORADO GLACIERCATS 0 1 3 4
Shots
1 2 3 T
NORTH DAKOTA HAWKS 3 5 4 12
COLORADO GLACIERCATS 5 11 10 26

1st period

1. NORTH DAKOTA HAWKS , Corey Perry 7 (Matthew Nieto 10, Dougie Hamilton 17) at 18:42

Penalties :
Artemi Panarin (COL) for Tripping (Minor) at 5:07, Ryan Lindgren (NDH) for Hooking (Minor) at 10:19

2nd period

2. COLORADO GLACIERCATS , John Klingberg 3 (Joe Pavelski 21, Patrice Bergeron 25) at 19:56 (PP)

Penalties :
Shea Weber (COL) for Holding (Minor) at 8:31, Brenden Dillon (NDH) for Diving (Minor) at 19:38

3rd period

3. COLORADO GLACIERCATS , Artemi Panarin 10 (Patrice Bergeron 26, Ben Lovejoy 8) at 1:51
4. COLORADO GLACIERCATS , Ryan Ellis 7 (Patrice Bergeron 27, Mark Giordano 29) at 11:53
5. COLORADO GLACIERCATS , Ryan Ellis 8 (Jordan Staal 17, Mark Giordano 30) at 12:38 (PP)

Penalties :
Ryan Lindgren (NDH) for Hooking (Minor) at 12:10

Goalie Stats

Cameron Talbot (NDH), 22 saves from 26 shots - (0,846), L, 9-20-1, 60:00 minutes
Pekka Rinne (COL), 11 saves from 12 shots - (0,917), W, 36-11-3, 60:00 minutes

Players Stats for NORTH DAKOTA HAWKS

Player Name              G  A  P  +/- PIM S  H  SB GA TA FO     MP     PP MP  PK MP  
------------------------------------------------------------------------------------
Brandon Sutter           0  0  0   0  0   0  0  0  0  0  8/14   13:42   0:00   1:25 
Brendan Leipsic          0  0  0  -2  0   0  0  0  0  0  0/1    18:01   2:06   0:00 
Brenden Dillon           0  0  0   0  2   0  1  0  0  0  0/0    20:24   0:00   1:06 
Corey Perry              1  0  1   1  0   1  0  0  0  0  0/0    14:19   2:13   0:00 
Derek Grant              0  0  0   0  0   1  0  1  0  0  0/0    12:43   0:00   1:25 
Dougie Hamilton          0  1  1   0  0   1  2  0  0  0  0/0    21:06   2:13   0:04 
Johnny Boychuk           0  0  0  -1  0   1  2  1  0  0  0/0    19:49   0:00   1:35 
Kenny Agostino           0  0  0   0  0   1  0  0  0  0  0/0    13:22   1:45   0:00 
Luke Kunin               0  0  0   0  0   0  0  0  0  0  0/0    16:29   1:52   0:00 
Martin Marincin          0  0  0   0  0   0  0  2  0  0  0/0    14:56   0:00   0:52 
Matthew Nieto            0  1  1   1  0   0  0  0  0  0  0/1    17:24   1:52   1:20 
Michael Raffl            0  0  0   0  0   0  0  0  0  0  0/0    11:18   0:00   0:00 
Nic Dowd                 0  0  0   1  0   1  1  0  0  0  8/14   16:04   1:52   0:00 
Nick Suzuki              0  0  0  -2  0   1  0  0  0  0  7/15   18:01   2:06   0:00 
Quinton Hughes           0  0  0  -1  0   0  0  0  0  0  0/0    20:54   1:45   1:53 
Ryan Carpenter           0  0  0   0  0   0  0  0  0  0  7/19   13:12   0:00   1:20 
Ryan Lindgren            0  0  0   0  4   2  0  2  0  0  0/0    17:27   0:00   0:00 
Zack Kassian             0  0  0  -2  0   3  2  0  0  0  0/2    18:01   2:06   0:00 

Players Stats for COLORADO GLACIERCATS

Player Name              G  A  P  +/- PIM S  H  SB GA TA FO     MP     PP MP  PK MP  
------------------------------------------------------------------------------------
Artemi Panarin           1  0  1   1  2   3  2  0  0  0  0/2    18:46   1:15   0:00 
Ben Lovejoy              0  1  1   1  0   0  0  1  0  0  0/0    16:15   0:00   1:32 
Brayden Schenn           0  0  0   0  0   1  0  0  0  0  0/0    18:46   1:30   0:00 
Carl Hagelin             0  0  0   0  0   1  0  0  0  0  0/0    14:26   0:00   1:50 
Daniel Girardi           0  0  0   1  0   0  0  0  0  0  0/0    15:26   0:00   0:43 
Jay Beagle               0  0  0   0  0   0  1  0  0  0  5/9     6:18   0:25   0:00 
Joe Pavelski             0  1  1   0  0   2  1  0  0  0  0/1    18:06   0:50   0:00 
John Klingberg           1  0  1  -1  0   2  0  2  0  0  0/0    20:48   1:15   0:38 
Jordan Staal             0  1  1   0  0   2  1  1  0  0  10/19  20:54   1:30   2:08 
Lucas Wallmark           0  0  0   0  0   0  2  0  0  0  7/14   14:26   0:00   1:50 
Mark Giordano            0  2  2   1  0   2  3  2  0  0  0/0    23:19   1:30   2:10 
Mikael Granlund          0  0  0   1  0   1  1  0  0  0  1/1    19:02   1:30   0:00 
Patrice Bergeron         0  3  3   1  0   4  0  0  0  0  13/18  18:47   1:15   0:00 
Paul Byron               0  0  0   0  0   1  2  0  0  0  0/2    14:44   0:00   2:08 
Ryan Ellis               2  0  2   1  0   3  0  1  0  0  0/0    22:57   1:30   1:48 
Shea Weber               0  0  0  -1  2   0  0  1  0  0  0/0    21:14   1:15   1:05 
Zach Aston-Reese         0  0  0   0  0   3  2  0  0  0  0/0     5:53   0:00   0:00 
Zachary Sanford          0  0  0   0  0   1  0  0  0  0  0/0     5:53   0:00   0:00 

3 Stars

1 - Ryan Ellis (COL)
2 - Patrice Bergeron (COL)
3 - Mark Giordano (COL)

Power Play

NORTH DAKOTA HAWKS - 0 on 2 Attempt(s) - 0,00%
COLORADO GLACIERCATS - 2 on 3 Attempt(s) - 66,67%

Penalty Kill

NORTH DAKOTA HAWKS - 1 on 3 Attempt(s) - 33,33% - Score 0 goal in Penalty Kill
COLORADO GLACIERCATS - 2 on 2 Attempt(s) - 100,00% - Score 0 goal in Penalty Kill

Team Stat

NORTH DAKOTA HAWKS - Hits : 8 - Faceoff Wins : 30 - Blocked Shots : 6 - Penalty Minutes : 6
COLORADO GLACIERCATS - Hits : 15 - Faceoff Wins : 36 - Blocked Shots : 8 - Penalty Minutes : 4

Official

Referees : Ryan Murphy and Justin StPierre
Linesman : Andy Petrus and Fraser McIntyre

Game Notes

Martin Marincin is injured at 11:35 of 3rd period (Strained Groin)

Finance

Level 1 -- Attendance: 8500 (100,00%) -- Ticket Income 909 500 $
Level 2 -- Attendance: 6000 (100,00%) -- Ticket Income 504 000 $
Level 3 -- Attendance: 2833 (94,43%) -- Ticket Income 158 648 $
Level 4 -- Attendance: 5000 (100,00%) -- Ticket Income 195 000 $
Luxury Box -- Attendance: 1100 (100,00%) -- Ticket Income 297 000 $
Game was played at the GC Place.
Total Attendance: 23433 (99,29%)
Total Ticket Income: 2 064 148 $
Other Income: 619 244 $
Total Income: 2 683 392 $

NORTH DAKOTA HAWKS

5 vs 5 Forward 
   Center                   Left Wing                Right Wing               Time % Phy DF OF 
 1 Nick Suzuki              Brendan Leipsic          Zack Kassian             30     1   2  2  
 2 Nic Dowd                 Matthew Nieto            Luke Kunin               27     1   2  2  
 3 Ryan Carpenter           Kenny Agostino           Corey Perry              22     1   2  2  
 4 Brandon Sutter           Derek Grant              Michael Raffl            21     0   4  1  

5 vs 5 Defense 
   Defense                  Defense                                           Time % Phy DF OF 
 1 Brenden Dillon           Dougie Hamilton                                   36     1   2  2  
 2 Quinton Hughes           Johnny Boychuk                                    33     1   2  2  
 3 Ryan Lindgren            Martin Marincin                                   20     1   2  2  
 4 Ryan Lindgren            Martin Marincin                                   11     1   2  2  

PowerPlay Forward 
   Center                   Left Wing                Right Wing               Time % Phy DF OF 
 1 Nick Suzuki              Brendan Leipsic          Zack Kassian             65     1   2  2  
 2 Nic Dowd                 Matthew Nieto            Luke Kunin               35     1   2  2  

PowerPlay Defense
   Defense                  Defense                                           Time % Phy DF OF 
 1 Dougie Hamilton          Corey Perry                                       65     1   2  2  
 2 Kenny Agostino           Quinton Hughes                                    35     1   2  2  

Penalty Kill 4 Players Forward 
   Center                   Wing                     Time % Phy DF OF 
 1 Ryan Carpenter           Matthew Nieto            55     1   2  2  
 2 Brandon Sutter           Derek Grant              45     1   2  2  

Penalty Kill 4 Players Defense
   Defense                  Defense                  Time % Phy DF OF 
 1 Ryan Lindgren            Johnny Boychuk           55     1   2  2  
 2 Brenden Dillon           Martin Marincin          45     1   2  2  

Penalty Kill - 3 Players Forward 
   Forward                                           Time % Phy DF OF 
 1 Michael Raffl                                     55     1   2  2  
 2 Derek Grant                                       45     1   2  2  

Penalty Kill - 3 Players Defense
   Defense                  Defense                  Time % Phy DF OF 
 1 Ryan Lindgren            Johnny Boychuk           55     1   2  2  
 2 Brenden Dillon           Martin Marincin          45     1   2  2  

4 vs 4 Forward 
   Center                   Wing                     Time % Phy DF OF 
 1 Nick Suzuki              Brendan Leipsic          55     1   2  2  
 2 Nic Dowd                 Matthew Nieto            45     1   2  2  

4 vs 4 Defense
   Defense                  Defense                  Time % Phy DF OF 
 1 Brenden Dillon           Dougie Hamilton          55     1   2  2  
 2 Quinton Hughes           Johnny Boychuk           45     1   2  2  

Last Minutes Offensive
   Center                   Left Wing                Right Wing               Defense                  Defense                  
   Nick Suzuki              Brendan Leipsic          Zack Kassian             Quinton Hughes           Dougie Hamilton          

Last Minutes Defensive
   Center                   Left Wing                Right Wing               Defense                  Defense                  
   Brandon Sutter           Derek Grant              Zack Kassian             Brenden Dillon           Dougie Hamilton          

Goaltenders
Starting : Cameron Talbot           
Backup : Eric Comrie              

Extra Forwards
Normal : Michael Raffl, Zack Kassian, Luke Kunin - PP : Michael Raffl, Brandon Sutter - PK : Luke Kunin
Extra Defensemen
Normal : Ryan Lindgren, Johnny Boychuk, Brenden Dillon - PP : Johnny Boychuk - PK : Quinton Hughes, Dougie Hamilton
Penalty Shots
Nick Suzuki, Matthew Nieto, Zack Kassian, Michael Raffl, Corey Perry
Custom OT Lines Forwards
Ryan Carpenter, Kenny Agostino, Nick Suzuki, Michael Raffl, Derek Grant, Nic Dowd, Zack Kassian, Matthew Nieto, Brendan Leipsic, Corey Perry
Custom OT Lines Defensemen
Dougie Hamilton, Quinton Hughes, Brenden Dillon, Johnny Boychuk, Martin Marincin

Scratches
Alexandre Fortin (Healthy), Dominik Masin (Healthy), Jack Dougherty (Healthy), Marc Methot (Healthy), Marc Staal (Lower Body Injury)
Jordan Murray (Healthy), Josh Brown (Chest/Ribs Injury), Phillip DiGiuseppe (Healthy), Tim Clifton (Healthy), Scott Wedgewood (Healthy)

COLORADO GLACIERCATS

5 vs 5 Forward 
   Center                   Left Wing                Right Wing               Time % Phy DF OF 
 1 Patrice Bergeron         Artemi Panarin           Mikael Granlund          35     1   2  2  
 2 Jordan Staal             Brayden Schenn           Joe Pavelski             35     0   2  3  
 3 Lucas Wallmark           Carl Hagelin             Paul Byron               25     1   2  2  
 4 Jay Beagle               Zach Aston-Reese         Zachary Sanford          5      1   2  2  

5 vs 5 Defense 
   Defense                  Defense                                           Time % Phy DF OF 
 1 Ryan Ellis               Mark Giordano                                     40     1   2  2  
 2 Shea Weber               John Klingberg                                    38     1   2  2  
 3 Ben Lovejoy              Daniel Girardi                                    22     1   2  2  
 4 John Klingberg           Shea Weber                                        0      1   2  2  

PowerPlay Forward 
   Center                   Left Wing                Right Wing               Time % Phy DF OF 
 1 Patrice Bergeron         Artemi Panarin           Joe Pavelski             50     0   0  5  
 2 Jordan Staal             Brayden Schenn           Mikael Granlund          50     1   1  3  

PowerPlay Defense
   Defense                  Defense                                           Time % Phy DF OF 
 1 Mark Giordano            Ryan Ellis                                        55     0   1  4  
 2 Shea Weber               John Klingberg                                    45     0   0  5  

Penalty Kill 4 Players Forward 
   Center                   Wing                     Time % Phy DF OF 
 1 Lucas Wallmark           Carl Hagelin             50     0   4  1  
 2 Jordan Staal             Paul Byron               50     0   4  1  

Penalty Kill 4 Players Defense
   Defense                  Defense                  Time % Phy DF OF 
 1 Mark Giordano            Shea Weber               50     1   4  0  
 2 Ben Lovejoy              Ryan Ellis               50     1   4  0  

Penalty Kill - 3 Players Forward 
   Forward                                           Time % Phy DF OF 
 1 Patrice Bergeron                                  55     0   5  0  
 2 Joe Pavelski                                      45     0   5  0  

Penalty Kill - 3 Players Defense
   Defense                  Defense                  Time % Phy DF OF 
 1 Mark Giordano            Shea Weber               50     0   5  0  
 2 Ryan Ellis               Ben Lovejoy              50     0   5  0  

4 vs 4 Forward 
   Center                   Wing                     Time % Phy DF OF 
 1 Joe Pavelski             Mikael Granlund          50     0   1  4  
 2 Patrice Bergeron         Brayden Schenn           50     0   1  4  

4 vs 4 Defense
   Defense                  Defense                  Time % Phy DF OF 
 1 Shea Weber               Mark Giordano            50     0   3  2  
 2 John Klingberg           Ryan Ellis               50     0   3  2  

Last Minutes Offensive
   Center                   Left Wing                Right Wing               Defense                  Defense                  
   Patrice Bergeron         Artemi Panarin           Joe Pavelski             Ryan Ellis               Mark Giordano            

Last Minutes Defensive
   Center                   Left Wing                Right Wing               Defense                  Defense                  
   Jordan Staal             Carl Hagelin             Joe Pavelski             Shea Weber               Mark Giordano            

Goaltenders
Starting : Pekka Rinne              
Backup : David Rittich            

Extra Forwards
Normal : Patrice Bergeron, Brayden Schenn, Joe Pavelski - PP : Patrice Bergeron, Joe Pavelski - PK : Zach Aston-Reese
Extra Defensemen
Normal : Shea Weber, John Klingberg, Daniel Girardi - PP : John Klingberg - PK : Daniel Girardi, John Klingberg
Penalty Shots
Artemi Panarin, Patrice Bergeron, Joe Pavelski, Brayden Schenn, Mikael Granlund
Custom OT Lines Forwards
Joe Pavelski, Patrice Bergeron, Artemi Panarin, Brayden Schenn, Jordan Staal, Mikael Granlund, Carl Hagelin, Paul Byron, Lucas Wallmark, Zach Aston-Reese
Custom OT Lines Defensemen
Mark Giordano, Ryan Ellis, Shea Weber, John Klingberg, Ben Lovejoy

Scratches
Ilya Lyubushkin (Healthy), Magnus Paajarvi-Svensson (Healthy)

% Time on Ice - NORTH DAKOTA HAWKS

Lines # - Real PCT - Wanted PCT - Time Play
Normal Forward
1 - 30% - 30% - 15:55
2 - 27% - 27% - 14:12
3 - 22% - 22% - 11:52
4 - 21% - 21% - 11:18
Normal Defense
1 - 35% - 36% - 18:49
2 - 30% - 33% - 16:05
3 - 22% - 20% - 11:42
4 - 13% - 11% - 6:41
PP Forward
1 - 53% - 65% - 2:06
2 - 47% - 35% - 1:52
PP Defense
1 - 56% - 65% - 2:13
2 - 44% - 35% - 1:45
PK Forward
1 - 48% - 55% - 1:20
2 - 52% - 45% - 1:25
PK Defense
1 - 58% - 55% - 1:35
2 - 42% - 45% - 1:10
PK3 Forward
1 - 0% - 55%
2 - 0% - 45%
PK3 Defense
1 - 0% - 55%
2 - 0% - 45%
44 Forward
1 - 0% - 55%
2 - 0% - 45%
44 Defense
1 - 0% - 55%
2 - 0% - 45%
Last Minute Offensive  - 0:00
Last Minute Defensive  - 0:00
Total
Forward - 60:00
Defense - 60:00

% Time on Ice - COLORADO GLACIERCATS

Lines # - Real PCT - Wanted PCT - Time Play
Normal Forward
1 - 33% - 35% - 17:32
2 - 32% - 35% - 17:16
3 - 24% - 25% - 12:36
4 - 11% - 5% - 5:53
Normal Defense
1 - 37% - 40% - 19:39
2 - 36% - 38% - 18:55
3 - 28% - 22% - 14:43
4 - 0% - 0% - 0:00
PP Forward
1 - 45% - 50% - 1:15
2 - 55% - 50% - 1:30
PP Defense
1 - 55% - 55% - 1:30
2 - 45% - 45% - 1:15
PK Forward
1 - 46% - 50% - 1:50
2 - 54% - 50% - 2:08
PK Defense
1 - 61% - 50% - 2:26
2 - 39% - 50% - 1:32
PK3 Forward
1 - 0% - 55%
2 - 0% - 45%
PK3 Defense
1 - 0% - 50%
2 - 0% - 50%
44 Forward
1 - 0% - 50%
2 - 0% - 50%
44 Defense
1 - 0% - 50%
2 - 0% - 50%
Last Minute Offensive  - 0:00
Last Minute Defensive  - 0:00
Total
Forward - 60:00
Defense - 60:00

Play-by-Play

1st period


0:01 of 1st period - Nick Suzuki wins face-off versus Patrice Bergeron in neutral zone.
0:48 of 1st period - Shot by Artemi Panarin.
0:48 of 1st period - Shot Misses the Net.
0:50 of 1st period - Shot by Patrice Bergeron.
0:50 of 1st period - Stopped by Cameron Talbot without a rebound.
0:51 of 1st period - Jordan Staal wins face-off versus Nic Dowd in NORTH DAKOTA HAWKS zone.
1:49 of 1st period - Off-side.
1:50 of 1st period - Ryan Carpenter wins face-off versus Paul Byron in neutral zone.
2:16 of 1st period - Shot by Lucas Wallmark.
2:16 of 1st period - Shot Misses the Net.
2:18 of 1st period - Shot by Carl Hagelin.
2:18 of 1st period - Stopped by Cameron Talbot without a rebound.
2:19 of 1st period - Brandon Sutter wins face-off versus Jay Beagle in NORTH DAKOTA HAWKS zone.
2:29 of 1st period - Dougie Hamilton is hit by Zach Aston-Reese and loses puck.
2:34 of 1st period - Shot by Mark Giordano.
2:34 of 1st period - Shot Misses the Net.
2:54 of 1st period - Shot by Brandon Sutter.
2:54 of 1st period - Shot Misses the Net.
2:57 of 1st period - Icing by Mark Giordano.
2:58 of 1st period - Jay Beagle wins face-off versus Ryan Carpenter in COLORADO GLACIERCATS zone.
3:05 of 1st period - Off-side.
3:06 of 1st period - Patrice Bergeron wins face-off versus Nick Suzuki in neutral zone.
3:09 of 1st period - Shot by Mikael Granlund.
3:09 of 1st period - Shot Blocked by Ryan Lindgren.
3:14 of 1st period - Icing by Nick Suzuki.
3:15 of 1st period - Nick Suzuki wins face-off versus Paul Byron in NORTH DAKOTA HAWKS zone.
3:31 of 1st period - Icing by Lucas Wallmark.
3:32 of 1st period - Ryan Carpenter wins face-off versus Lucas Wallmark in COLORADO GLACIERCATS zone.
4:00 of 1st period - Off-side.
4:01 of 1st period - Jordan Staal wins face-off versus Brandon Sutter in neutral zone.
4:33 of 1st period - Off-side.
4:34 of 1st period - Mikael Granlund wins face-off versus Nic Dowd in neutral zone.
5:07 of 1st period - Minor Penalty to Artemi Panarin for Tripping.
5:08 of 1st period - Lucas Wallmark wins face-off versus Nick Suzuki in COLORADO GLACIERCATS zone.
5:46 of 1st period - Shot by Kenny Agostino.
5:46 of 1st period - Shot Blocked by Shea Weber.
6:34 of 1st period - Carl Hagelin is hit by Nic Dowd and loses puck.
7:15 of 1st period - Shot by Artemi Panarin.
7:15 of 1st period - Shot Blocked by Martin Marincin.
8:11 of 1st period - Shot by Jay Beagle.
8:11 of 1st period - Shot Misses the Net.
8:17 of 1st period - Shot by Zach Aston-Reese.
8:17 of 1st period - Stopped by Cameron Talbot with a rebound.
8:19 of 1st period - Shot by Zachary Sanford.
8:19 of 1st period - Stopped by Cameron Talbot without a rebound.
8:20 of 1st period - Ryan Carpenter wins face-off versus Jordan Staal in NORTH DAKOTA HAWKS zone.
8:31 of 1st period - Off-side.
8:32 of 1st period - Lucas Wallmark wins face-off versus Ryan Carpenter in neutral zone.
9:26 of 1st period - Shot by Nick Suzuki.
9:26 of 1st period - Deflect By Brendan Leipsic.
9:26 of 1st period - Shot Misses the Net.
9:28 of 1st period - Shot by Johnny Boychuk.
9:28 of 1st period - Stopped by Pekka Rinne with a rebound.
9:30 of 1st period - Shot by Zack Kassian.
9:30 of 1st period - Stopped by Pekka Rinne without a rebound.
9:31 of 1st period - Nic Dowd wins face-off versus Jordan Staal in COLORADO GLACIERCATS zone.
10:19 of 1st period - Minor Penalty to Ryan Lindgren for Hooking.
10:20 of 1st period - Brandon Sutter wins face-off versus Artemi Panarin in NORTH DAKOTA HAWKS zone.
11:25 of 1st period - Brayden Schenn is hit by Johnny Boychuk and loses puck.
12:27 of 1st period - Shot by Lucas Wallmark.
12:27 of 1st period - Shot Misses the Net.
15:46 of 1st period - Nick Suzuki is hit by Lucas Wallmark and loses puck.
16:18 of 1st period - Luke Kunin is hit by Mark Giordano and loses puck.
17:01 of 1st period - Derek Grant is hit by Artemi Panarin and loses puck.
17:18 of 1st period - Shot by Artemi Panarin.
17:18 of 1st period - Shot Misses the Net.
17:38 of 1st period - Shot by Mikael Granlund.
17:38 of 1st period - Stopped by Cameron Talbot without a rebound.
17:39 of 1st period - Nick Suzuki wins face-off versus Jordan Staal in NORTH DAKOTA HAWKS zone.
17:39 of 1st period - Nick Suzuki is hit by Joe Pavelski.
18:13 of 1st period - Off-side.
18:14 of 1st period - Patrice Bergeron wins face-off versus Nic Dowd in neutral zone.
18:26 of 1st period - Patrice Bergeron is hit by Dougie Hamilton and loses puck.
18:42 of 1st period - Shot by Matthew Nieto.
18:42 of 1st period - Deflect By Corey Perry.
18:42 of 1st period - Goal by Corey Perry - NORTH DAKOTA HAWKS : 1 - COLORADO GLACIERCATS : 0.
18:43 of 1st period - Brandon Sutter wins face-off versus Jordan Staal in neutral zone.
18:43 of 1st period - Brandon Sutter is hit by Jordan Staal.
19:05 of 1st period - Brandon Sutter is hit by Mark Giordano and loses puck.
Goals for this period are 1 for NORTH DAKOTA HAWKS vs 0 for COLORADO GLACIERCATS.
Shots for this period are 3 for NORTH DAKOTA HAWKS vs 5 for COLORADO GLACIERCATS.

2nd period


0:01 of 2nd period - Nic Dowd wins face-off versus Patrice Bergeron in neutral zone.
0:45 of 2nd period - Icing by Shea Weber.
0:46 of 2nd period - Patrice Bergeron wins face-off versus Nick Suzuki in COLORADO GLACIERCATS zone.
0:46 of 2nd period - Artemi Panarin is hit by Zack Kassian and loses puck.
1:36 of 2nd period - Shot by Jordan Staal.
1:36 of 2nd period - Stopped by Cameron Talbot with a rebound.
2:52 of 2nd period - Shot by Nic Dowd.
2:52 of 2nd period - Stopped by Pekka Rinne without a rebound.
2:53 of 2nd period - Ryan Carpenter wins face-off versus Artemi Panarin in COLORADO GLACIERCATS zone.
3:10 of 2nd period - Shot by Kenny Agostino.
3:10 of 2nd period - Shot Misses the Net.
3:44 of 2nd period - Shot by Luke Kunin.
3:44 of 2nd period - Shot Misses the Net.
3:46 of 2nd period - Shot by Dougie Hamilton.
3:46 of 2nd period - Stopped by Pekka Rinne without a rebound.
3:47 of 2nd period - Lucas Wallmark wins face-off versus Nick Suzuki in COLORADO GLACIERCATS zone.
4:37 of 2nd period - Off-side.
4:38 of 2nd period - Jay Beagle wins face-off versus Nic Dowd in neutral zone.
4:53 of 2nd period - Shot by Zach Aston-Reese.
4:53 of 2nd period - Stopped by Cameron Talbot without a rebound.
4:54 of 2nd period - Brandon Sutter wins face-off versus Jordan Staal in NORTH DAKOTA HAWKS zone.
5:01 of 2nd period - Shot by Derek Grant.
5:01 of 2nd period - Stopped by Pekka Rinne without a rebound.
5:02 of 2nd period - Nic Dowd wins face-off versus Jordan Staal in COLORADO GLACIERCATS zone.
6:32 of 2nd period - Shot by Artemi Panarin.
6:32 of 2nd period - Shot Misses the Net.
6:37 of 2nd period - Off-side.
6:38 of 2nd period - Brandon Sutter wins face-off versus Lucas Wallmark in neutral zone.
7:13 of 2nd period - Shot by Carl Hagelin.
7:13 of 2nd period - Shot Misses the Net.
7:15 of 2nd period - Shot by Paul Byron.
7:15 of 2nd period - Shot Misses the Net.
7:17 of 2nd period - Shot by Daniel Girardi.
7:17 of 2nd period - Shot Blocked by Martin Marincin.
8:06 of 2nd period - Shot by Zach Aston-Reese.
8:06 of 2nd period - Stopped by Cameron Talbot with a rebound.
8:31 of 2nd period - Minor Penalty to Shea Weber for Holding.
8:32 of 2nd period - Jordan Staal wins face-off versus Nick Suzuki in COLORADO GLACIERCATS zone.
8:57 of 2nd period - Shot by Dougie Hamilton.
8:57 of 2nd period - Shot Blocked by Mark Giordano.
9:01 of 2nd period - Shot by Nick Suzuki.
9:01 of 2nd period - Shot Misses the Net.
9:03 of 2nd period - Shot by Corey Perry.
9:03 of 2nd period - Shot Misses the Net.
9:05 of 2nd period - Shot by Brendan Leipsic.
9:05 of 2nd period - Shot Blocked by Mark Giordano.
9:07 of 2nd period - Shot by Dougie Hamilton.
9:07 of 2nd period - Shot Misses the Net.
10:32 of 2nd period - Icing by Luke Kunin.
10:33 of 2nd period - Patrice Bergeron wins face-off versus Ryan Carpenter in NORTH DAKOTA HAWKS zone.
10:45 of 2nd period - Shot by Patrice Bergeron.
10:45 of 2nd period - Stopped by Cameron Talbot without a rebound.
10:46 of 2nd period - Ryan Carpenter wins face-off versus Jay Beagle in NORTH DAKOTA HAWKS zone.
11:28 of 2nd period - Icing by John Klingberg.
11:29 of 2nd period - Brandon Sutter wins face-off versus Jay Beagle in COLORADO GLACIERCATS zone.
11:48 of 2nd period - Shot by Derek Grant.
11:48 of 2nd period - Deflect By Michael Raffl.
11:48 of 2nd period - Shot Misses the Net.
12:00 of 2nd period - Shot by Joe Pavelski.
12:00 of 2nd period - Stopped by Cameron Talbot without a rebound.
12:01 of 2nd period - Nick Suzuki wins face-off versus Patrice Bergeron in NORTH DAKOTA HAWKS zone.
12:41 of 2nd period - Off-side.
12:42 of 2nd period - Nic Dowd wins face-off versus Joe Pavelski in neutral zone.
12:45 of 2nd period - Shot by Quinton Hughes.
12:45 of 2nd period - Shot Misses the Net.
13:43 of 2nd period - Icing by Johnny Boychuk.
13:44 of 2nd period - Patrice Bergeron wins face-off versus Nic Dowd in NORTH DAKOTA HAWKS zone.
14:01 of 2nd period - Shot by Patrice Bergeron.
14:01 of 2nd period - Deflect By Artemi Panarin.
14:01 of 2nd period - Shot Misses the Net.
14:03 of 2nd period - Shot by Patrice Bergeron.
14:03 of 2nd period - Stopped by Cameron Talbot without a rebound.
14:04 of 2nd period - Nick Suzuki wins face-off versus Lucas Wallmark in NORTH DAKOTA HAWKS zone.
14:04 of 2nd period - Nick Suzuki is hit by Paul Byron.
14:44 of 2nd period - Shot by Brendan Leipsic.
14:44 of 2nd period - Shot Blocked by Ben Lovejoy.
14:46 of 2nd period - Shot by Zack Kassian.
14:46 of 2nd period - Stopped by Pekka Rinne without a rebound.
14:47 of 2nd period - Jordan Staal wins face-off versus Ryan Carpenter in COLORADO GLACIERCATS zone.
15:12 of 2nd period - Shot by Corey Perry.
15:12 of 2nd period - Shot Misses the Net.
15:14 of 2nd period - Shot by Ryan Lindgren.
15:14 of 2nd period - Stopped by Pekka Rinne without a rebound.
15:15 of 2nd period - Brandon Sutter wins face-off versus Patrice Bergeron in COLORADO GLACIERCATS zone.
15:15 of 2nd period - Brandon Sutter is hit by Mark Giordano.
16:21 of 2nd period - Off-side.
16:22 of 2nd period - Lucas Wallmark wins face-off versus Brendan Leipsic in neutral zone.
16:37 of 2nd period - Nick Suzuki is hit by Lucas Wallmark and loses puck.
16:48 of 2nd period - Shot by Brendan Leipsic.
16:48 of 2nd period - Shot Misses the Net.
19:07 of 2nd period - Icing by Ryan Carpenter.
19:08 of 2nd period - Jay Beagle wins face-off versus Ryan Carpenter in NORTH DAKOTA HAWKS zone.
19:14 of 2nd period - Off-side.
19:15 of 2nd period - Jay Beagle wins face-off versus Nick Suzuki in neutral zone.
19:37 of 2nd period - Zach Aston-Reese is hit by Brenden Dillon.
19:38 of 2nd period - Minor Penalty to Brenden Dillon for Diving.
19:39 of 2nd period - Jordan Staal wins face-off versus Brandon Sutter in NORTH DAKOTA HAWKS zone.
19:44 of 2nd period - Shot by Mark Giordano.
19:44 of 2nd period - Stopped by Cameron Talbot with a rebound.
19:46 of 2nd period - Shot by Brayden Schenn.
19:46 of 2nd period - Shot Blocked by Johnny Boychuk.
19:48 of 2nd period - Shot by Brayden Schenn.
19:48 of 2nd period - Shot Misses the Net.
19:50 of 2nd period - Shot by Mark Giordano.
19:50 of 2nd period - Stopped by Cameron Talbot with a rebound.
19:52 of 2nd period - Shot by Ryan Ellis.
19:52 of 2nd period - Stopped by Cameron Talbot without a rebound.
19:53 of 2nd period - Patrice Bergeron wins face-off versus Ryan Carpenter in NORTH DAKOTA HAWKS zone.
19:54 of 2nd period - Shot by Joe Pavelski.
19:54 of 2nd period - Stopped by Cameron Talbot with a rebound.
19:56 of 2nd period - Shot by John Klingberg.
19:56 of 2nd period - Goal by John Klingberg - NORTH DAKOTA HAWKS : 1 - COLORADO GLACIERCATS : 1.
19:57 of 2nd period - Patrice Bergeron wins face-off versus Nick Suzuki in neutral zone.
Goals for this period are 0 for NORTH DAKOTA HAWKS vs 1 for COLORADO GLACIERCATS.
Shots for this period are 5 for NORTH DAKOTA HAWKS vs 11 for COLORADO GLACIERCATS.

3rd period


0:01 of 3rd period - Patrice Bergeron wins face-off versus Zack Kassian in neutral zone.
0:01 of 3rd period - Patrice Bergeron is hit by Zack Kassian.
0:34 of 3rd period - Shot by Nick Suzuki.
0:34 of 3rd period - Shot Misses the Net.
0:42 of 3rd period - Shot by Artemi Panarin.
0:42 of 3rd period - Stopped by Cameron Talbot without a rebound.
0:43 of 3rd period - Nic Dowd wins face-off versus Jordan Staal in NORTH DAKOTA HAWKS zone.
1:18 of 3rd period - Icing by Quinton Hughes.
1:19 of 3rd period - Nic Dowd wins face-off versus Lucas Wallmark in NORTH DAKOTA HAWKS zone.
1:30 of 3rd period - Shot by Mark Giordano.
1:30 of 3rd period - Deflect By Paul Byron.
1:30 of 3rd period - Stopped by Cameron Talbot without a rebound.
1:31 of 3rd period - Patrice Bergeron wins face-off versus Zack Kassian in NORTH DAKOTA HAWKS zone.
1:51 of 3rd period - Shot by Artemi Panarin.
1:51 of 3rd period - Goal by Artemi Panarin - NORTH DAKOTA HAWKS : 1 - COLORADO GLACIERCATS : 2.
1:52 of 3rd period - Jordan Staal wins face-off versus Ryan Carpenter in neutral zone.
2:19 of 3rd period - Shot by Brayden Schenn.
2:19 of 3rd period - Shot Misses the Net.
2:27 of 3rd period - Shot by Ryan Carpenter.
2:27 of 3rd period - Deflect By Corey Perry.
2:27 of 3rd period - Shot Misses the Net.
2:29 of 3rd period - Shot by Martin Marincin.
2:29 of 3rd period - Shot Blocked by John Klingberg.
4:56 of 3rd period - Icing by Daniel Girardi.
4:57 of 3rd period - Lucas Wallmark wins face-off versus Ryan Carpenter in COLORADO GLACIERCATS zone.
6:10 of 3rd period - Icing by Shea Weber.
6:11 of 3rd period - Jordan Staal wins face-off versus Nick Suzuki in COLORADO GLACIERCATS zone.
7:17 of 3rd period - Icing by Martin Marincin.
7:18 of 3rd period - Patrice Bergeron wins face-off versus Nic Dowd in NORTH DAKOTA HAWKS zone.
7:32 of 3rd period - Off-side.
7:33 of 3rd period - Jay Beagle wins face-off versus Brandon Sutter in neutral zone.
7:35 of 3rd period - Ryan Ellis is hit by Johnny Boychuk and loses puck.
8:01 of 3rd period - Quinton Hughes is hit by Jay Beagle and loses puck.
8:05 of 3rd period - Brandon Sutter is hit by Zach Aston-Reese and loses puck.
9:37 of 3rd period - Icing by Shea Weber.
9:38 of 3rd period - Ryan Carpenter wins face-off versus Lucas Wallmark in COLORADO GLACIERCATS zone.
9:39 of 3rd period - Shot by Kenny Agostino.
9:39 of 3rd period - Stopped by Pekka Rinne without a rebound.
9:40 of 3rd period - Nic Dowd wins face-off versus Jordan Staal in COLORADO GLACIERCATS zone.
9:55 of 3rd period - Shot by Matthew Nieto.
9:55 of 3rd period - Shot Blocked by Ryan Ellis.
10:46 of 3rd period - Patrice Bergeron is hit by Dougie Hamilton and loses puck.
10:55 of 3rd period - Shot by Artemi Panarin.
10:55 of 3rd period - Shot Misses the Net.
10:57 of 3rd period - Shot by Artemi Panarin.
10:57 of 3rd period - Shot Misses the Net.
10:59 of 3rd period - Shot by Mikael Granlund.
10:59 of 3rd period - Shot Hit the Post.
11:05 of 3rd period - Shot by Artemi Panarin.
11:05 of 3rd period - Deflect By Patrice Bergeron.
11:05 of 3rd period - Stopped by Cameron Talbot without a rebound.
11:06 of 3rd period - Brandon Sutter wins face-off versus Lucas Wallmark in NORTH DAKOTA HAWKS zone.
11:26 of 3rd period - Icing by Daniel Girardi.
11:27 of 3rd period - Ryan Carpenter wins face-off versus Lucas Wallmark in COLORADO GLACIERCATS zone.
11:34 of 3rd period - Martin Marincin is hit by Paul Byron and loses puck.
11:35 of 3rd period - Martin Marincin from NORTH DAKOTA HAWKS is injured at 11:35 of 3rd period (Strained Groin).
11:36 of 3rd period - Nick Suzuki wins face-off versus Patrice Bergeron in NORTH DAKOTA HAWKS zone.
11:51 of 3rd period - Shot by Patrice Bergeron.
11:51 of 3rd period - Shot Misses the Net.
11:53 of 3rd period - Shot by Ryan Ellis.
11:53 of 3rd period - Goal by Ryan Ellis - NORTH DAKOTA HAWKS : 1 - COLORADO GLACIERCATS : 3.
11:54 of 3rd period - Jordan Staal wins face-off versus Ryan Carpenter in neutral zone.
12:05 of 3rd period - Shot by Brayden Schenn.
12:05 of 3rd period - Deflect By Jordan Staal.
12:05 of 3rd period - Stopped by Cameron Talbot without a rebound.
12:06 of 3rd period - Patrice Bergeron wins face-off versus Brandon Sutter in NORTH DAKOTA HAWKS zone.
12:07 of 3rd period - Shot by Artemi Panarin.
12:07 of 3rd period - Shot Blocked by Derek Grant.
12:10 of 3rd period - Minor Penalty to Ryan Lindgren for Hooking.
12:11 of 3rd period - Jordan Staal wins face-off versus Ryan Carpenter in NORTH DAKOTA HAWKS zone.
12:36 of 3rd period - Shot by Jordan Staal.
12:36 of 3rd period - Shot Misses the Net.
12:38 of 3rd period - Shot by Ryan Ellis.
12:38 of 3rd period - Goal by Ryan Ellis - NORTH DAKOTA HAWKS : 1 - COLORADO GLACIERCATS : 4.
12:39 of 3rd period - Lucas Wallmark wins face-off versus Brandon Sutter in neutral zone.
13:34 of 3rd period - Brandon Sutter is hit by Mikael Granlund.
15:24 of 3rd period - Icing by John Klingberg.
15:25 of 3rd period - Nic Dowd wins face-off versus Jay Beagle in COLORADO GLACIERCATS zone.
15:26 of 3rd period - Shot by Luke Kunin.
15:26 of 3rd period - Shot Blocked by John Klingberg.
15:28 of 3rd period - Shot by Matthew Nieto.
15:28 of 3rd period - Shot Misses the Net.
15:48 of 3rd period - Shot by Nic Dowd.
15:48 of 3rd period - Shot Misses the Net.
15:50 of 3rd period - Shot by Ryan Lindgren.
15:50 of 3rd period - Stopped by Pekka Rinne without a rebound.
15:51 of 3rd period - Patrice Bergeron wins face-off versus Ryan Carpenter in COLORADO GLACIERCATS zone.
16:42 of 3rd period - Johnny Boychuk is hit by Artemi Panarin and loses puck.
16:53 of 3rd period - Shot by Nick Suzuki.
16:53 of 3rd period - Stopped by Pekka Rinne with a rebound.
17:01 of 3rd period - Shot by Zack Kassian.
17:01 of 3rd period - Stopped by Pekka Rinne with a rebound.
17:03 of 3rd period - Shot by Johnny Boychuk.
17:03 of 3rd period - Shot Blocked by Jordan Staal.
17:05 of 3rd period - Shot by Nick Suzuki.
17:05 of 3rd period - Shot Misses the Net.
17:17 of 3rd period - Shot by Brayden Schenn.
17:17 of 3rd period - Stopped by Cameron Talbot without a rebound.
17:18 of 3rd period - Lucas Wallmark wins face-off versus Matthew Nieto in NORTH DAKOTA HAWKS zone.
18:16 of 3rd period - Off-side.
18:17 of 3rd period - Nick Suzuki wins face-off versus Jordan Staal in neutral zone.
18:27 of 3rd period - Off-side.
18:28 of 3rd period - Patrice Bergeron wins face-off versus Brandon Sutter in neutral zone.
18:51 of 3rd period - Shot by Mikael Granlund.
18:51 of 3rd period - Shot Blocked by Ryan Lindgren.
18:53 of 3rd period - Shot by John Klingberg.
18:53 of 3rd period - Stopped by Cameron Talbot with a rebound.
19:11 of 3rd period - Shot by Patrice Bergeron.
19:11 of 3rd period - Shot Misses the Net.
19:13 of 3rd period - Shot by Shea Weber.
19:13 of 3rd period - Shot Misses the Net.
19:15 of 3rd period - Shot by Artemi Panarin.
19:15 of 3rd period - Stopped by Cameron Talbot without a rebound.
19:16 of 3rd period - Jordan Staal wins face-off versus Ryan Carpenter in NORTH DAKOTA HAWKS zone.
Goals for this period are 0 for NORTH DAKOTA HAWKS vs 3 for COLORADO GLACIERCATS.
Shots for this period are 4 for NORTH DAKOTA HAWKS vs 10 for COLORADO GLACIERCATS.


NATHAN
MACKINNON
PHILLIP
DANAULT
CONNOR
MCDAVID

EAST COAST

HOCKEY LEAGUE

  • 25.QUE4CHI5
  • 26.CHA2LIM3
  • 27.TRV2LON3
  • 28.CHW4BAL2
  • 29.PITMAN
  • 30.ATLNHW
  • 31.WORPET
  • 32.RHI